 Dungeon Crawl Stone Soup version 0.30-a0-989-g0d87f670db (webtiles) character file.

Game seed: 8115499440317551584

8724 mandarbmax the Fighter (level 11, -10/107 HPs)
             Began as a Green Draconian Conjurer on Apr 2, 2023.
             Was an Initiate of Gozag.
             Shot with an arrow by a centaur warrior (22 damage)
             ... on level 9 of the Dungeon.
             The game lasted 00:27:14 (10434 turns).

mandarbmax the Fighter (Green Draconian Conjurer)  Turns: 10434, Time: 00:27:15

Health: -10/107    AC: 19    Str: 11    XL:     11   Next: 13%
Magic:  3/20       EV: 13    Int: 22    God:    Gozag
Gold:   881        SH:  0    Dex:  9    Spells: 5/22 levels left

rFire   . . .      SeeInvis .    q - +2 quarterstaff (chaos)
rCold   . . .      Faith    .    (shield currently unavailable)
rNeg    . . .      Spirit   .    (body armour unavailable)
rPois   +          Reflect  .    (helmet restricted)
rElec   .          Rampage  .    p - +0 cloak
rCorr   .                        (no gloves)
Will    .....                    k - +2 pair of boots
Stlth   ++                       (no amulet)
HPRegen 0.37/turn                b - +4 ring of protection
MPRegen 0.17/turn                h - +4 ring of protection

@: gold aura
A: breathe noxious fumes, AC +7, unfitting armour, poison resistance,
cold-blooded
a: Breathe Noxious Fumes, Renounce Religion, Potion Petition, Call Merchant,
Bribe Branch


You were on level 9 of the Dungeon.
You worshipped Gozag.
Gozag was pleased with you.
You visited 2 branches of the dungeon, and saw 10 of its levels.

You collected 975 gold pieces.
You paid 94 gold pieces to Gozag.

Inventory:

Hand Weapons
 e - a +0 whip
 q - a +2 quarterstaff of chaos (weapon)
Missiles
 r - 3 throwing nets
Armour
 k - a +2 pair of boots (worn)
 p - a +0 cloak (worn)
 y - a +0 buckler
Jewellery
 b - a +4 ring of protection (left hand)
 f - a ring of flight
 h - a +4 ring of protection (right hand)
Wands
 m - a wand of iceblast (13)
 E - a wand of charming (7)
Scrolls
 i - a scroll of silence
 j - 3 scrolls of blinking
 l - 3 scrolls of fog
 n - 2 scrolls of magic mapping
 s - a scroll of brand weapon
 u - a scroll of teleportation
 v - a scroll of amnesia
 x - 2 scrolls of summoning
 C - a scroll of poison
 D - a scroll of acquirement {unknown}
Potions
 a - 2 potions of heal wounds
 c - a potion of magic
 d - 2 potions of flight
 g - a potion of ambrosia
 o - a potion of lignification {unknown}
 t - a potion of berserk rage {unknown}
 w - 2 potions of brilliance {unknown}
 z - 2 potions of curing
 A - 3 potions of attraction {unknown}
 B - a potion of invisibility {unknown}
 F - a potion of haste


   Skills:
 - Level 13.2 Fighting
 + Level 5.7 Dodging
 - Level 1.7 Stealth
 - Level 6.0 Spellcasting
 + Level 10.7 Conjurations
 - Level 4.0 Hexes


You had 5 spell levels left.
You knew the following spells:

 Your Spells              Type           Power      Damage    Failure   Level
a - Magic Dart            Conj           100%       1d8       1%          1
b - Searing Ray           Conj           100%       2d8       1%          2
c - Dazzling Flash        Conj/Hex       78%        N/A       1%          3
d - Summon Guardian Gole  Hex/Summ       15%        N/A       12%         3
e - Fulminant Prism       Conj/Hex       19%        3d10      4%          4
f - Iskenderun's Mystic   Conj/Tloc      30%        2d8       10%         4

Your spell library contained the following spells:

 Spells                   Type           Power      Damage    Failure   Level
 Summon Small Mammal      Summ           24%        N/A       9%          1
 Call Canine Familiar     Summ           6%         N/A       26%         3
 Kindle Blastsparks       Fire/Tloc/Air  12%        2d11      26%         3
 Lee's Rapid Deconstruct  Erth           3%         3d5*      94%         5


Dungeon Overview and Level Annotations

Branches:
Dungeon (9/15)             Temple (1/1) D:5
   Lair: D:8-11         Orc: D:9-12

Altars:
Ashenzari
Cheibriados
Dithmenos
Elyvilon
Fedhas
Gozag
Hepliaklqana
Kikubaaqudgha
Makhleb
Nemelex Xobeh
Okawaru
Qazlal
Ru
Sif Muna
Trog
Uskayaw
Wu Jian
Yredelemnul
Zin
The Shining One

Shops:
D:6 (   D:7 *

Annotations:
D:6 3 runed translucent doors, bande's ghost, novice GrFi


Innate Abilities, Weirdness & Mutations

You can breathe blasts of noxious fumes.
Your lurid green scales are hard. (AC +7)
You cannot fit into any form of body armour.
Your system is resistant to poisons. (rPois)
You are cold-blooded and may be slowed by cold attacks.


Message History

You have reached level 11!
Something mumbles something.
The forest fire spreads!
Unknown command.
You are engulfed in blazing flames.
* * * LOW HITPOINT WARNING * * *
Reactivating autopickup.
You feel a bit more experienced.
Unknown command.
A centaur warrior comes into view.
The yak is engulfed in blazing flames.
The centaur warrior wields a +0 shortbow.
The centaur warrior shoots an arrow.
The arrow hits you!
* * * LOW HITPOINT WARNING * * *
The yak is engulfed in a forest fire.
The yak is engulfed in a forest fire.
The yak dies!
Your magical contamination has completely faded away.
Okay, then.
Okay, then.
Casting: Fulminant Prism (dangerous; 4% risk of failure)
Confirm with . or Enter, or press ? or * to list all spells.
You don't have enough magic to cast this spell.
The centaur warrior is engulfed in blazing flames.
You have got your breath back.
The centaur warrior is engulfed in blazing flames.
The centaur warrior is distracted by your dazzling golden aura.
The centaur warrior is engulfed in blazing flames.
The centaur warrior is engulfed in blazing flames.
The centaur warrior is no longer distracted by gold.
The centaur warrior is engulfed in blazing flames.
The centaur warrior shoots an arrow.
The arrow hits you!
* * * LOW HITPOINT WARNING * * *
The centaur warrior is engulfed in blazing flames.
The centaur warrior shoots an arrow.
The arrow barely misses you.
You hear a loud, deep croak!
The centaur warrior is engulfed in blazing flames.
The centaur warrior shoots an arrow.
The arrow hits you!!
You die...
Your body crumbles into a pile of gold.

......#########..####...
........................
.#....#.########.#######
.+....#.# ♣.........♣
.#.#....#♣..♣♣♣♣.♣♣♣♣..♣
........# ♣...~...♣
##....#.#♣..♣♣♣♣.♣♣♣♣..♣
##......# ♣.........♣
######### ####♣@♣#### #
♣♣.♣♣ # #♣...♣# #
#.....# # #§°§.♣# #
#§§§§§# # ##§c§##
#○○§§§# $ .'..8..'♣ $


You could see a centaur warrior.

Vanquished Creatures
  A centaur warrior (D:9)
  Pikel (D:5)
  A troll (D:9)
  A hornet (D:7)
  Grinder (D:4)
  A wraith (D:9)
  11 yaks
  A steam dragon (D:8)
  Edmund (D:5)
  2 water moccasins
  A nameless horror (D:5)
  Duvessa (D:4)
  An orc warrior (D:9)
  An ice beast (D:6)
  A black bear (D:7)
  An ogre (D:6)
  5 centaurs
  A phantom (D:5)
  2 kobold brigands
  3 bullfrogs
  A scorpion (D:7)
  Dowan (D:4)
  14 killer bees
  2 howler monkeys
  2 orc priests
  4 jellies
  Crazy Yiuf (D:4)
  3 hounds
  2 gnoll boudas
  A sleepcap (D:6)
  6 iguanas
  2 orc wizards
  4 adders
  16 gnolls
  A shadow imp (D:6)
  A white imp (D:5)
  An ufetubus (D:6)
  3 worms
  14 orcs
  8 endoplasms
  7 giant cockroaches
  5 goblins
  7 hobgoblins
  4 jackals (D:2)
  6 quokkas
  6 ball pythons
  9 bats
  2 frilled lizards (D:1)
  15 kobolds
  4 rats
190 creatures vanquished.

Vanquished Creatures (others)
  Joseph (D:7)
  2 yaks (D:9)
  A kobold brigand (D:9)
  A bullfrog (D:8)
  3 gnoll sergeants (D:9)
  4 killer bees (D:8)
  2 orc wizards
  2 gnolls (D:9)
  27 fulminant prisms
  2 fungi (D:4)
45 creatures vanquished.

Grand Total: 235 creatures vanquished

Notes
Turn   | Place    | Note
-------+----------+-------------------------------------------
     0 | D:1      | mandarbmax the Draconian Conjurer began the quest for the
                  | Orb.
     0 | D:1      | Reached XP level 1. HP: 14/14 MP: 3/3
   280 | D:1      | Reached XP level 2. HP: 20/20 MP: 0/5
   387 | D:1      | Learned a level 2 spell: Searing Ray
  1084 | D:2      | Reached XP level 3. HP: 26/26 MP: 0/6
  1614 | D:2      | Found a snail-covered altar of Cheibriados.
  1819 | D:3      | Reached skill level 5 in Conjurations
  1819 | D:3      | Reached XP level 4. HP: 33/33 MP: 3/8
  2073 | D:3      | Learned a level 3 spell: Dazzling Flash
  2772 | D:4      | Found a sparkling altar of Nemelex Xobeh.
  3090 | D:4      | Reached XP level 5. HP: 38/38 MP: 4/10
  3196 | D:4      | Noticed Grinder
  3207 | D:4      | Killed Grinder
  3208 | D:4      | Reached XP level 6. HP: 24/45 MP: 0/12
  3442 | D:4      | Found a runed translucent door.
  3443 | D:4      | Noticed Crazy Yiuf
  3451 | D:4      | Killed Crazy Yiuf
  3531 | D:4      | Noticed Dowan
  3532 | D:4      | Noticed Duvessa
  3535 | D:4      | Killed Dowan
  3550 | D:4      | HP: 1/45 [Duvessa/+0 short sword (11)]
  3551 | D:4      | Killed Duvessa
  3552 | D:4      | Reached skill level 5 in Spellcasting
  3552 | D:4      | Your scales start taking on a lurid green colour.
  3552 | D:4      | Reached XP level 7. HP: 1/50 MP: 0/14
  3552 | D:4      | Gained mutation: Your system is resistant to poisons.
                  | (rPois) [Green Draconian growth]
  4044 | D:5      | Entered Level 5 of the Dungeon
  4126 | D:5      | Found a staircase to the Ecumenical Temple.
  4143 | D:5      | Noticed Pikel
  4149 | Temple   | Entered the Ecumenical Temple
  4381 | D:5      | Reached skill level 13 in Fighting
  4381 | D:5      | Reached XP level 8. HP: 8/86 MP: 4/16
  4383 | D:5      | HP: 2/86 [lemure[Pikel] (7)]
  4391 | D:5      | Killed Pikel
  4392 | D:5      | Reached XP level 9. HP: 5/93 MP: 9/18
  4792 | D:5      | Learned a level 3 spell: Summon Guardian Golem
  5137 | D:5      | Noticed Edmund
  5184 | D:5      | Killed Edmund
  5190 | D:5      | Learned a level 4 spell: Fulminant Prism
  5605 | D:5      | Identified the +1 robe "Muitibe" {+Inv rC- Regen+ Int+4}
  5842 | D:6      | Found a runed translucent gate.
  5843 | D:6      | Found a runed translucent gate.
  5844 | D:6      | Found a runed translucent gate.
  5846 | D:6      | Noticed bande's ghost (novice GrFi)
  5865 | D:6      | Reached skill level 1 in Hexes
  5972 | D:6      | Found a burning altar of Makhleb.
  5974 | D:6      | Found a glowing silver altar of Zin.
  5974 | D:6      | Noticed an angel
  5975 | D:6      | Noticed a cacodemon
  6284 | D:6      | Found Aciodona's Weapon Shop.
  6790 | D:7      | Learned a level 4 spell: Iskenderun's Mystic Blast
  7039 | D:7      | Noticed Joseph
  7048 | D:7      | Killed Joseph
  7250 | D:7      | Found an opulent altar of Gozag.
  7254 | D:7      | Became a worshipper of Gozag Ym Sagoz the Greedy
  7345 | D:7      | Found Duodatui's Overcharged Wands.
  7879 | D:7      | Found a white marble altar of Elyvilon.
  8091 | D:7      | Reached XP level 10. HP: 47/101 MP: 1/19
  9377 | D:8      | Found a shadowy altar of Dithmenos.
  9725 | D:9      | Reached skill level 10 in Conjurations
 10156 | D:9      | Reached skill level 5 in Dodging
 10412 | D:9      | Noticed a centaur warrior
 10423 | D:9      | Killed a centaur warrior
 10424 | D:9      | Reached XP level 11. HP: 53/107 MP: 1/20
 10426 | D:9      | Noticed a centaur warrior
 10434 | D:9      | Shot with an arrow by a centaur warrior

Illustrated notes

Levels and vault maps discovered:
D:1:      ebering_trefoil_3fold, layout_basic, minmay_tripent
D:2:      layout_basic, basic_altar
D:3:      layout_basic
D:4:      layout_cave_pools, nicolae_overflow_crystal_walls, minivault_4,
          uniq_crazy_yiuf_cottage, uniq_duvessa, uniq_grinder
D:5:      layout_basic, minmay_temple_entry_crystal_x, uniq_pikel, uniq_edmund
D:6:      layout_loops_ring, grunt_temple_overflow_order_and_chaos_2,
          ebering_ghost_rock_garden, serial_shops,
          nicolae_shop_bloodbath_and_beyond
D:7:      layout_layer_cave, mainiacjoe_overflow_24_doors, elyvilon_altar_1,
          nicolae_shop_overcharged_wands, uniq_joseph
D:8:      layout_basic, mainiacjoe_overflow_small_starburst
D:9:      nzn_winding_woodlands_stair_cross [nzn_winding_woodlands_5x15_eye,
          nzn_winding_woodlands_center_diamonds,
          nzn_winding_woodlands_5x15_default,
          nzn_winding_woodlands_5x5_open_star,
          nzn_winding_woodlands_5x5_closed_star,
          nzn_winding_woodlands_5x15_jagged,
          nzn_winding_woodlands_center_pierced_h,
          nzn_winding_woodlands_5x15_pockets], layout_basic, vehumet_statue
Temple:   nicolae_temple_superstar

Skill      XL: |  1  2  3  4  5  6  7  8  9 10 |
---------------+-------------------------------+-----
Dodging        | 2 5 |  5.7
Spellcasting   | 3 4 5 6 |  6.0
Conjurations   | 5 6 7 9 10 | 10.7
Fighting       | 13 | 13.2
Hexes          | 3 4 |  4.0
Stealth        | |  1.7

Action                     |  1- 3 |  4- 6 |  7- 9 | 10-12 || total
---------------------------+-------+-------+-------+-------++-------
  Melee: Whip              |    42 |     6 |       |       ||    48
         Tailslap          |     6 |     3 |    11 |    15 ||    35
         Quarterstaff      |       |     1 |    67 |   102 ||   170
   Cast: Magic Dart        |    77 |    62 |    54 |     8 ||   201
         Searing Ray       |     3 |    13 |    32 |     5 ||    53
         Dazzling Flash    |       |     1 |    11 |     3 ||    15
         Fulminant Prism   |       |       |     6 |    21 ||    27
         Summon Guardian G |       |       |     2 |    13 ||    15
         Iskenderun's Myst |       |       |       |     7 ||     7
Ability: Breathe Noxious F |       |       |     9 |     7 ||    16
  Evoke: Wand              |       |       |     1 |       ||     1
    Use: Scroll            |       |     9 |     6 |     3 ||    18
         Potion            |       |     5 |     3 |       ||     8
   Stab: Confused          |       |       |     2 |     1 ||     3
         Invisible         |       |       |     1 |       ||     1
         Distracted        |       |       |       |     2 ||     2
 Armour: Skin              |    24 |     7 |   110 |   110 ||   251
  Dodge: Dodged            |    29 |    11 |   120 |   131 ||   291

Table legend: (Time is in decaauts)
 A = Elapsed time spent in this place.
 B = Non-inter-level travel time spent in this place.
 C = Inter-level travel time spent in this place.
 D = Time resting spent in this place.
 E = Time spent auto-exploring this place.
 F = Levels seen in this place.
 G = Mean time per level.
                   A        B        C        D        E       F      G
               +--------+--------+--------+--------+--------+-----+--------+
         Total |  10488 |  10255 |    233 |    540 |   8269 |  10 | 1048.8 |
       Dungeon |  10276 |  10061 |    215 |    540 |   8091 |   9 | 1141.8 |
        Temple |    211 |    193 |     18 |      0 |    178 |   1 |  211.0 |
               +--------+--------+--------+--------+--------+-----+--------+

Top non-repeatable levels by time:
     D:7: 1559 daAuts
     D:8: 1445 daAuts
     D:5: 1389 daAuts
     D:4: 1233 daAuts
     D:6: 1149 daAuts
     D:3: 981 daAuts
     D:2: 916 daAuts
     D:1: 907 daAuts
     D:9: 693 daAuts
  Temple: 211 daAuts
